 Dungeon Crawl Stone Soup version 0.31-a0-609-g7bf6ffcfed (webtiles) character file.

Game seed: 8908147106364434919

10243 IdlyInterested the Slicer (level 11, 0/127 HPs)
             Began as a Demonspawn Fighter on Aug 17, 2023.
             Slain by a five-headed hydra (8 damage)
             ... on level 9 of the Dungeon on Aug 21, 2023.
             The game lasted 00:38:08 (10713 turns).

IdlyInterested the Slicer (Demonspawn Fighter)     Turns: 10713, Time: 00:38:09

Health: 0/127      AC:  7    Str: 17    XL:     11   Next: 33%
Magic:  0/11       EV: 12    Int:  8    God:
Gold:   341        SH: 13    Dex: 24    Spells: 10/10 levels left

rFire   + + .        u - +5 short sword of Yzxot {venom, Dex+4}
rCold   . . .        F - +0 kite shield
rNeg    . . .        V - +1 robe {Will+}
rPois   .            (helmet restricted)
rElec   .            b - +0 cloak
rCorr   .            (no gloves)
SInv    .            (boots unavailable)
Will    +....        H - amulet of guardian spirit Stlth
                     m - +4 ring of protection
HPRegen 0.41/turn    r - ring of protection from fire
MPRegen 0.24/turn

%: guardian spirit
@: mighty, berserking, very quick
A: antennae 2, hooves 3, magic regeneration, weakness stinger 2, agile 1,
deformed body, fire resistance 1, robust 1
a: no special abilities


You were on level 9 of the Dungeon.
You visited 2 branches of the dungeon, and saw 10 of its levels.

You collected 741 gold pieces.
You spent 400 gold pieces at shops.

Inventory:

Hand Weapons
 a - a +0 rapier
 u - the +5 short sword of Yzxot (weapon) {venom, Dex+4}
   (You found it on level 2 of the Dungeon)

   Dex+4:     It affects your dexterity (+4).
 x - a +2 dagger of speed
 A - a +2 dagger of pain
 I - a +2 dagger of venom
 J - a +2 hand axe of flaming
 M - a +0 short sword of flaming
 U - a +4 scimitar of freezing
Missiles
 e - 21 poisoned darts
 k - 30 stones (quivered)
 E - 3 boomerangs
 K - 3 throwing nets
 R - 4 silver javelins
 S - 4 javelins
 X - a curare-tipped dart
Armour
 b - a +0 cloak (worn)
 c - a +0 buckler
 F - a +0 kite shield (worn)
 V - a +1 robe of willpower (worn)
Jewellery
 m - a +4 ring of protection (left hand)
 r - a ring of protection from fire (right hand)
 H - an amulet of guardian spirit (around neck)
 W - a ring of protection from cold
Wands
 w - a wand of flame (18)
 z - a wand of digging (6)
Scrolls
 h - 3 scrolls of poison
 i - 2 scrolls of fear {unknown}
 j - a scroll of fog {unknown}
 l - 6 scrolls of teleportation {unknown}
 n - a scroll of vulnerability
 q - 2 scrolls of blinking
 s - 3 scrolls of acquirement
 t - 3 scrolls of noise {unknown}
 v - 3 scrolls of amnesia {unknown}
 y - 3 scrolls of butterflies {unknown}
 O - 2 scrolls of torment {unknown}
 Q - a scroll of enchant weapon {unknown}
 T - 2 scrolls of revelation {unknown}
Potions
 d - 3 potions of might
 f - a potion of mutation
 g - 5 potions of lignification
 o - 4 potions of curing
 p - 3 potions of enlightenment
 D - 2 potions of haste
 G - a potion of invisibility
 L - a potion of resistance
 N - a potion of attraction
 P - a potion of cancellation


   Skills:
 + Level 4.6 Fighting
 * Level 13.7 Short Blades
 - Level 1.0 Throwing
 - Level 2.6 Armour
 - Level 2.0 Dodging
 - Level 2.0 Stealth
 - Level 8.0 Shields
 - Level 1.0 Unarmed Combat
 - Level 1.0 Evocations
 - Level 1.0 Shapeshifting


You had 10 spell levels left.
You didn't know any spells.
Your spell library contained the following spells:

 Spells                   Type           Power      Damage    Failure   Level
 Apportation              Tloc           0%         N/A       69%         1
 Foxfire                  Conj/Fire      0%         2x1d4     69%         1
 Necrotise                Necr           0%         1d4       69%         1
 Slow                     Hex            0%         N/A       69%         1
 Summon Small Mammal      Summ           0%         N/A       69%         1
 Poisonous Vapours        Pois/Air       0%         N/A       83%         2
 Confusing Touch          Hex            0%         N/A       96%         3
 Frozen Ramparts          Ice            0%         1d1       96%         3
 Hailstorm                Conj/Ice       0%         3d3       96%         3
 Mephitic Cloud           Conj/Pois/Air  0%         N/A       96%         3
 Teleport Other           Tloc           0%         N/A       96%         3
 Vampiric Draining        Necr           0%         2d6       96%         3
 Volatile Blastmotes      Fire/Tloc      0%         2d10      96%         3
 Fulminant Prism          Conj/Hex       0%         3d5       100%        4
 Iskenderun's Mystic Bla  Conj/Tloc      0%         2d3       100%        4
 Petrify                  Tmut/Erth      0%         N/A       100%        4
 Summon Ice Beast         Ice/Summ       0%         N/A       100%        4
 Freezing Cloud           Conj/Ice/Air   0%         6-21      100%        5
 Metabolic Englaciation   Hex/Ice        0%         N/A       100%        5
 Plasma Beam              Fire/Air       0%         2x1d10    100%        6
 Simulacrum               Ice/Necr       0%         N/A       100%        6
 Starburst                Conj/Fire      0%         6d3       100%        6
 Malign Gateway           Summ/Tloc      0%         N/A       100%        7


Dungeon Overview and Level Annotations

Branches:
Dungeon (9/15)             Temple (1/1) D:6            Lair (0/5) D:8
    Orc: D:9-12

Altars:
Cheibriados
Fedhas
Gozag
Hepliaklqana
Kikubaaqudgha
Makhleb
Nemelex Xobeh
Okawaru
Qazlal
Ru
Sif Muna
Trog
Uskayaw
Vehumet
Wu Jian

Shops:
D:3 !   D:4 (   D:8 !   D:9 (

Annotations:
D:9 Pokonic1's ghost, novice DrSh


Innate Abilities, Weirdness & Mutations

You have a pair of antennae on your head.
You have hooves in place of feet.
You regenerate magic rapidly.
You have a tail ending in a sharp stinger.
You are agile. (Dex +4, Str/Int -1)
Armour fits poorly on your strangely shaped body.
Your flesh is heat resistant. (rF+)
You are robust. (+10% HP)


Message History

The five-headed hydra bites you.
You block the five-headed hydra's attack.
The five-headed hydra bites you! The five-headed hydra bites you.
The five-headed hydra barely misses you.
You hit the five-headed hydra. You tail-slap the five-headed hydra.
The five-headed hydra is moderately wounded.
Unknown command.
You feel very mighty all of a sudden.
The five-headed hydra bites you but does no damage.
The five-headed hydra bites you.
You block the five-headed hydra's attack.
The five-headed hydra bites you but does no damage.
The five-headed hydra bites you.
You puncture the five-headed hydra!
The five-headed hydra is heavily wounded.
The five-headed hydra bites you.
You block the five-headed hydra's attack.
The five-headed hydra barely misses you.
The five-headed hydra closely misses you.
The five-headed hydra bites you!
* * * LOW HITPOINT WARNING * * *
A red film seems to cover your vision as you go berserk!
You feel yourself moving faster!
You feel mighty!
You block the five-headed hydra's attack. x2
The five-headed hydra bites you!
* * * LOW HITPOINT WARNING * * *
The five-headed hydra barely misses you.
The five-headed hydra bites you.
* * * LOW HITPOINT WARNING * * *
You puncture the five-headed hydra!
The five-headed hydra is poisoned.
Your kick misses the five-headed hydra.
The five-headed hydra is severely wounded.
You puncture the five-headed hydra!
The five-headed hydra looks as sick as possible!
Your kick misses the five-headed hydra.
The five-headed hydra is severely wounded.
The five-headed hydra bites you!
* * * LOW HITPOINT WARNING * * *
The five-headed hydra bites you!
You die...

#)..#.# #...#..#.#..#...#
#...#.####...#.#...#.#..##
#...#........#..D....#..##
#...#######..#.......#...#
#...#######..###'''###...#
.#.......................#
.#....#####....oWh..|....########
.#...######.####D##..............
##...##.......##@##..##.########.
#.#...#.###.#.##.##...#.# #.
.##.....# #.#.##........## #.
###..##.###.#.####...#8.8# #. #
#.........#........#...# #.
####.##.##########.###8.8#######.
..##.##.##### ###≈≈)).≈≈##....
............# ##≈≈)8.8~≈≈##...
.####..#.##.# #≈≈≈[#'#~≈≈≈#.##


You could see a five-headed hydra (extremely poisoned), an acid dragon, a howler
monkey, an orc priest and Pokonic1's ghost.

Vanquished Creatures
  A centaur warrior (D:9)
  A two-headed ogre (D:9)
  3 death yaks (D:8)
  2 rust devils (D:7)
  A hornet (D:8)
  2 trolls (D:9)
  Sigmund (D:3)
  A wyvern (D:8)
  A wyvern (shapeshifter) (D:9)
  A shadow (D:9)
  Eustachio (D:4)
  A yak (D:9)
  2 steam dragons
  An acid dragon (D:9)
  A water moccasin (D:6)
  Duvessa (D:5)
  3 black bears
  6 orc warriors
  7 ice beasts
  2 sky beasts
  3 ogres
  A centaur (D:9)
  4 phantoms (D:5)
  2 kobold brigands
  2 bullfrogs
  2 gnoll sergeants
  4 scorpions
  6 wights
  A killer bee (D:9)
  Dowan (D:5)
  2 howler monkeys
  2 jellies
  A gnoll bouda (D:7)
  4 hounds
  Crazy Yiuf (D:3)
  6 orc priests
  4 iguanas
  3 sleepcaps
  Ijyb (D:3)
  A hell rat (D:8)
  10 orc wizards
  Robin (D:4)
  16 gnolls
  6 adders
  3 river rats (D:8)
  A shadow imp (D:6)
  A white imp (D:7)
  3 worms
  4 dart slugs
  25 orcs
  5 ball pythons
  4 bats
  7 endoplasms
  A giant cockroach (D:1)
  12 goblins
  13 hobgoblins
  4 jackals (D:3)
  13 kobolds
  9 quokkas
  4 frilled lizards
  6 rats
238 creatures vanquished.

Vanquished Creatures (others)
  An orc wizard (D:9)
1 creature vanquished.

Grand Total: 239 creatures vanquished

Notes
Turn   | Place    | Note
-------+----------+-------------------------------------------
     0 | D:1      | IdlyInterested the Demonspawn Fighter began the quest for
                  | the Orb.
     0 | D:1      | Reached XP level 1. HP: 18/18 MP: 1/1
   111 | D:1      | Reached skill level 2 in Short Blades
   241 | D:1      | Discovered your monstrous ancestry.
   241 | D:1      | Gained mutation: You have large cloven feet. [demonic
                  | ancestry]
   241 | D:1      | Reached XP level 2. HP: 16/24 MP: 2/2
   730 | D:2      | Reached skill level 1 in Unarmed Combat
   781 | D:2      | You fall into a shaft and drop 1 floor!
   923 | D:3      | Gained mutation: You regenerate magic rapidly. [demonic
                  | ancestry]
   923 | D:3      | Reached XP level 3. HP: 27/29 MP: 3/3
  1060 | D:2      | Identified a scroll of acquirement
  1118 | D:2      | Reached skill level 3 in Short Blades
  1190 | D:2      | Reached skill level 1 in Dodging
  1241 | D:2      | Found a faded altar of an unknown god.
  1379 | D:2      | Gained mutation: You have hoof-like feet. [demonic
                  | ancestry]
  1379 | D:2      | Reached XP level 4. HP: 35/35 MP: 4/4
  1649 | D:2      | Identified the +5 short sword of Yzxot {venom, Dex+4}
  1786 | D:3      | Noticed Sigmund
  1794 | D:3      | Killed Sigmund
  1795 | D:3      | Reached skill level 5 in Short Blades
  1795 | D:3      | Reached skill level 1 in Stealth
  1795 | D:3      | Gained mutation: You have hooves in place of feet. [demonic
                  | ancestry]
  1795 | D:3      | Reached XP level 5. HP: 10/41 MP: 5/5
  1984 | D:3      | Gained mutation: You have hidden genetic potential. [potion
                  | of mutation]
  1984 | D:3      | Gained mutation: Armour fits poorly on your strangely
                  | shaped body. [potion of mutation]
  1984 | D:3      | Gained mutation: You are robust. (+10% HP) [potion of
                  | mutation]
  1984 | D:3      | Gained mutation: Your flesh is heat resistant. (rF+)
                  | [potion of mutation]
  2000 | D:3      | Noticed Ijyb
  2010 | D:3      | Killed Ijyb
  2011 | D:3      | Gained mutation: You have a pair of small antennae on your
                  | head. [demonic ancestry]
  2011 | D:3      | Reached XP level 6. HP: 45/51 MP: 6/6
  2280 | D:3      | Found Woic's Distillery.
  2434 | D:3      | Found a stormy altar of Qazlal.
  2434 | D:3      | Noticed a sky beast
  2443 | D:3      | Killed a sky beast
  2444 | D:3      | Reached skill level 1 in Evocations
  2519 | D:3      | Gained mutation: You are agile. (Dex +4, Str/Int -1)
                  | [hidden potential]
  2639 | D:3      | Found a runed translucent door.
  2640 | D:3      | Noticed Crazy Yiuf
  2740 | D:3      | Killed Crazy Yiuf
  2796 | D:3      | Bought a potion of heal wounds for 50 gold pieces
  2796 | D:3      | Bought a potion of berserk rage for 50 gold pieces
  2796 | D:3      | Bought a potion of enlightenment for 50 gold pieces
  2796 | D:3      | Bought a potion of curing for 30 gold pieces
  2796 | D:3      | Bought a potion of might for 40 gold pieces
  2853 | D:4      | Noticed Eustachio
  2874 | D:4      | Killed Eustachio
  2875 | D:4      | Reached skill level 6 in Short Blades
  2875 | D:4      | Reached skill level 1 in Shapeshifting
  2875 | D:4      | Gained mutation: You have a small tail. [demonic ancestry]
  2875 | D:4      | Reached XP level 7. HP: 28/57 MP: 7/7
  2962 | D:3      | Bought a potion of might for 40 gold pieces
  2996 | D:4      | Noticed Robin
  3009 | D:4      | Killed Robin
  3082 | D:4      | Gained mutation: You have a pair of antennae on your head.
                  | [hidden potential]
  3082 | D:4      | Lost mutation: You have hidden genetic potential. [hidden
                  | potential expressed]
  3149 | D:4      | Found Fataeple's Antique Weapon Shoppe.
  3261 | D:4      | Reached skill level 1 in Throwing
  3385 | D:4      | Reached skill level 7 in Short Blades
  3772 | D:5      | Entered Level 5 of the Dungeon
  4006 | D:5      | Noticed Dowan
  4006 | D:5      | Noticed Duvessa
  4025 | D:5      | Killed Duvessa
  4026 | D:5      | Reached XP level 8. HP: 44/63 MP: 5/8
  4041 | D:5      | Killed Dowan
  4047 | D:5      | Reached skill level 8 in Short Blades
  4806 | D:5      | Reached skill level 9 in Short Blades
  5157 | D:5      | Mutation became permanent: You have a pair of small
                  | antennae on your head. [demonic ancestry]
  5157 | D:5      | Gained mutation: You have a pair of antennae on your head.
                  | [demonic ancestry]
  5157 | D:5      | Reached XP level 9. HP: 60/71 MP: 6/9
  5765 | D:6      | Found a sacrificial altar of Ru.
  5883 | D:6      | Got Sif Muna's Anthology of Position
  5888 | D:6      | Found an iron altar of Okawaru.
  5984 | D:6      | Found a staircase to the Ecumenical Temple.
  5995 | Temple   | Entered the Ecumenical Temple
  6154 | D:6      | Reached skill level 10 in Short Blades
  6585 | Temple   | Upgraded the game from 0.31-a0-564-g3b7de120b3 to
                  | 0.31-a0-609-g7bf6ffcfed
  6943 | D:7      | Reached skill level 5 in Shields
  7705 | D:8      | Reached skill level 11 in Short Blades
  7756 | D:8      | Noticed a death yak
  7766 | D:8      | Found a staircase to the Lair.
  7767 | D:8      | Noticed a death yak
  7767 | D:8      | Noticed a death yak
  7782 | D:8      | Killed a death yak
  7783 | D:8      | Reached XP level 10. HP: 40/78 MP: 5/10
  7818 | D:8      | Killed a death yak
  7823 | D:8      | Killed a death yak
  7824 | D:8      | Reached skill level 12 in Short Blades
  8031 | D:8      | Found Dajios's Distillery.
  8089 | D:7      | Noticed a rust devil
  8089 | D:7      | Noticed a rust devil
  8101 | D:7      | Killed a rust devil
  8107 | D:7      | Killed a rust devil
  8708 | D:8      | Bought a potion of resistance for 140 gold pieces
  9285 | D:9      | Found a runed translucent gate.
  9286 | D:9      | Found a runed translucent gate.
  9288 | D:9      | Found a runed translucent gate.
  9288 | D:9      | Noticed Pokonic1's ghost (novice DrSh)
  9292 | D:9      | Noticed a five-headed hydra
  9343 | D:9      | Reached skill level 13 in Short Blades
  9357 | D:9      | Noticed a centaur warrior
  9364 | D:9      | Gained mutation: You have a tail ending in a sharp stinger.
                  | [demonic ancestry]
  9364 | D:9      | Reached XP level 11. HP: 55/84 MP: 8/11
  9365 | D:9      | Noticed a two-headed ogre
  9374 | D:9      | Killed a two-headed ogre
  9412 | D:9      | Killed a centaur warrior
  9822 | D:9      | Found Olaqiydd's Antique Weapon Shoppe.
 10087 | D:9      | Found a shimmering blue altar of Sif Muna.
 10713 | D:9      | Slain by a five-headed hydra

Illustrated notes

Levels and vault maps discovered:
D:1:      spicycebolla_green_bress_n_ham, layout_loops_ring
D:2:      layout_rooms, shapermc_ecumenical_altar_mp_urbaneastern,
          nicolae_half_adder
D:3:      layout_basic, nicolae_qazlal_beasts_of_the_sky, serial_shops, shop,
          kennysheep_generic_room_16, uniq_sigmund, uniq_ijyb,
          uniq_crazy_yiuf_cottage
D:4:      layout_basic, serial_shops, shop, uniq_eustachio, uniq_robin
D:5:      layout_basic, lexackson_kobold_supper, uniq_duvessa
D:6:      layout_basic, mainiacjoe_overflow_alcove_4,
          mainiacjoe_overflow_catwalk, okawaru_gym_becter,
          minmay_temple_entry_proselytizer
D:7:      cheibrodos_iron_armory, layout_basic
D:8:      layout_loops_ring, dpeg_lair_monsters, serial_shops,
          nicolae_shop_pleasant_corner_grove, kennysheep_generic_room_13
D:9:      minmay_ornate_pinched, layout_loops_corners,
          kennysheep_orc_sif_temple, serial_shops, shop, gammafunk_ghost_split
Temple:   nicolae_temple_god_jail

Skill      XL: |  1  2  3  4  5  6  7  8  9 10 11 |
---------------+----------------------------------+-----
Short Blades   | 2 3 5 6 7 9 11 13 | 13.7
Unarmed Combat | 1 |  1.0
Dodging        | 1 2 |  2.0
Stealth        | 1 2 |  2.0
Evocations     | 1 |  1.0
Shapeshifting  | 1 |  1.0
Throwing       | 1 |  1.0
Shields        | 3 4 6 7 8 |  8.0
Fighting       | 4 |  4.6
Armour         | |  2.6

Action                     |  1- 3 |  4- 6 |  7- 9 | 10-12 || total
---------------------------+-------+-------+-------+-------++-------
  Melee: Rapier            |   148 |     6 |       |       ||   154
         Kick              |    23 |    21 |   145 |   111 ||   300
         Short sword       |       |    73 |   368 |   293 ||   734
         Tailslap          |       |       |    63 |    47 ||   110
  Throw: Stone             |       |     2 |    22 |     9 ||    33
         Javelin           |       |       |     6 |     5 ||    11
         Throwing net      |       |       |       |     2 ||     2
    Use: Scroll            |     3 |       |     1 |     4 ||     8
         Potion            |       |     3 |     3 |     8 ||    14
   Stab: Distracted        |       |       |     1 |       ||     1
         Sleeping          |       |       |     7 |     6 ||    13
         Held in net/web   |       |       |       |     3 ||     3
 Armour: Scale mail        |    64 |    14 |       |       ||    78
         Skin              |       |     1 |       |       ||     1
         Ring mail         |       |    10 |    23 |       ||    33
         Robe              |       |       |    29 |    29 ||    58
  Dodge: Dodged            |    52 |    26 |    87 |    62 ||   227
  Block: Buckler           |    36 |    12 |    38 |       ||    86
         Kite shield       |       |       |    23 |   100 ||   123

Table legend: (Time is in decaauts)
 A = Elapsed time spent in this place.
 B = Non-inter-level travel time spent in this place.
 C = Inter-level travel time spent in this place.
 D = Time resting spent in this place.
 E = Time spent auto-exploring this place.
 F = Levels seen in this place.
 G = Mean time per level.
                   A        B        C        D        E       F      G
               +--------+--------+--------+--------+--------+-----+--------+
         Total |  10495 |   9246 |   1249 |   1540 |   5210 |  10 | 1049.5 |
       Dungeon |  10482 |   9237 |   1245 |   1540 |   5210 |   9 | 1164.7 |
        Temple |     12 |      8 |      4 |      0 |      0 |   1 |   12.0 |
               +--------+--------+--------+--------+--------+-----+--------+

Top non-repeatable levels by time:
     D:9: 1579 daAuts
     D:5: 1540 daAuts
     D:6: 1384 daAuts
     D:3: 1235 daAuts
     D:8: 1146 daAuts
     D:7: 1013 daAuts
     D:4: 926 daAuts
     D:1: 852 daAuts
     D:2: 804 daAuts
  Temple: 12 daAuts
